 Dungeon Crawl Stone Soup version 0.31-a0-233-g139696dc86 (webtiles) character file.

Game seed: 14608943896979342331

5367 nono the Fighter (level 10, -4/78 (86) HPs)
             Began as a Formicid Delver on July 8, 2023.
             Was a Believer of Ru.
             Slain by an ice beast (12 damage)
             ... summoned by bmj180's ghost
             ... on level 9 of the Dungeon.
             The game lasted 00:18:53 (9193 turns).

nono the Fighter (Formicid Delver)                  Turns: 9193, Time: 00:18:54

HP:   -4/78 (86)    AC: 17    Str: 20    XL:     10   Next: 97%
MP:   0/10          EV: 10    Int:  9    God:    Ru [**....]
Gold: 171           SH:  0    Dex: 22    Spells: 9/9 levels left

rFire   . . .        j - +12 quarterstaff "Violay" {spect, *Noise rElec rPois rCorr}
rCold   . . .        (no shield)
rNeg    + . .        p - +0 chain mail
rPois   +            (helmet unavailable)
rElec   +            F - +2 ratskin cloak {*Rats rPois rN+ Str-1 Int-1 Dex+1}
rCorr   +            L - +0 pair of gloves
SInv    +            H - +0 pair of boots
Will    +....        D - amulet of guardian spirit
Stlth   +            w - +6 ring of dexterity
HPRegen 0.33/turn    (no ring)
MPRegen 0.12/turn

%: guardian spirit
@: mighty, drained
A: permanent stasis, dig shafts and tunnels, antennae 3, inability to use
devices, four strong arms
a: Dig, Shaft Self, Renounce Religion


You were on level 9 of the Dungeon.
You worshipped Ru.
Ru was pleased with you.
You visited 2 branches of the dungeon, and saw 10 of its levels.
You also visited: Ossuary.

You collected 516 gold pieces.
You spent 345 gold pieces at shops.

Inventory:

Hand Weapons
 a - a +0 hand axe
 j - the +12 quarterstaff "Violay" (weapon) {spect, *Noise rElec rPois rCorr}
   (You found it on level 9 of the Dungeon)

   rElec:     It insulates you from electricity.
   rPois:     It protects you from poison.
   *Noise:    It may make noises in combat.
   rCorr:     It protects you from acid and corrosion.
 q - a +2 dagger of venom
 x - a +2 hand axe of electrocution
 A - a +0 war axe
 G - a +3 war axe of venom
 P - a +0 battleaxe
Armour
 b - a +0 leather armour
 p - a +0 chain mail (worn)
 F - the +2 ratskin cloak (worn) {*Rats rPois rN+ Str-1 Int-1 Dex+1}
   (You found it on level 6 of the Dungeon)

   *Rats:     When the wearer is hurt, rats may emerge from it to assist them.
   Str:       It affects your strength (-1).
   Int:       It affects your intelligence (-1).
   Dex:       It affects your dexterity (+1).
   rPois:     It protects you from poison.
   rN:        It protects you from negative energy.
 H - a +0 pair of boots (worn)
 L - a +0 pair of gloves (worn)
Jewellery
 w - a +6 ring of dexterity (left hand)
 D - an amulet of guardian spirit (around neck)
 E - a ring of resist corrosion
Wands
 f - a wand of digging (10)
 C - a wand of flame (22)
 O - a wand of polymorph (4)
Scrolls
 c - 2 scrolls of fog
 d - 2 scrolls of revelation
 e - 3 scrolls of fear
 g - 6 scrolls of teleportation
 h - 2 scrolls of blinking
 r - 3 scrolls of enchant weapon {unknown}
 u - 2 scrolls of vulnerability {unknown}
 y - a scroll of immolation
 B - 2 scrolls of torment {unknown}
 J - a scroll of amnesia
 K - a scroll of enchant armour
 N - a scroll of brand weapon
Potions
 i - 5 potions of enlightenment {unknown}
 k - a potion of might
 l - 2 potions of heal wounds
 m - 5 potions of attraction {unknown}
 n - 2 potions of ambrosia
 o - 4 potions of haste {unknown}
 s - 3 potions of curing {unknown}
 t - a potion of resistance
 v - a potion of brilliance
 z - 3 potions of magic {unknown}
 I - a potion of invisibility


   Skills:
 + Level 10.4 Fighting
 + Level 9.1 Axes
 + Level 9.2 Armour
 - Level 2.7 Dodging
 - Level 6.8 Stealth


You had 9 spell levels left.
You didn't know any spells.
Your spell library contained the following spells:

 Spells                   Type           Power      Damage    Failure   Level
 Freeze                   Ice            0%         1d3       93%         1
 Magic Dart               Conj           0%         1d3       93%         1
 Sting                    Tmut/Pois      0%         1d3       93%         1
 Summon Small Mammal      Summ           0%         N/A       93%         1
 Poisonous Vapours        Pois/Air       0%         N/A       98%         2
 Searing Ray              Conj           0%         2d4       98%         2
 Call Canine Familiar     Summ           0%         N/A       100%        3
 Frozen Ramparts          Ice            0%         1d1       100%        3
 Hailstorm                Conj/Ice       0%         3d3       100%        3
 Portal Projectile        Hex/Tloc       0%         N/A       100%        3
 Summon Guardian Golem    Hex/Summ       0%         N/A       100%        3
 Fulminant Prism          Conj/Hex       0%         3d5       100%        4
 Leda's Liquefaction      Hex/Erth       0%         N/A       100%        4
 Manifold Assault         Tloc           0%         N/A       100%        4
 Olgreb's Toxic Radiance  Pois           0%         N/A       100%        4
 Iskenderun's Battlesphe  Conj           0%         2d6       100%        5
 Dispersal                Tloc           0%         N/A       100%        6
 Leda's Unmaking          Conj/Erth      0%         9d1       100%        6
 Spellforged Servitor     Conj/Summ      0%         N/A       100%        7
 Disjunction              Tloc           0%         N/A       100%        8


Dungeon Overview and Level Annotations

Branches:
Dungeon (9/15)             Temple (1/1) D:6             Orc (0/2) D:9
Ossuary (visited)
   Lair: D:8-11

Altars:
Ashenzari
Cheibriados
Dithmenos
Fedhas
Gozag
Hepliaklqana
Kikubaaqudgha
Makhleb
Nemelex Xobeh
Okawaru
Qazlal
Ru
Sif Muna
Trog
Uskayaw
Vehumet
Wu Jian
Xom
Yredelemnul
Zin
The Shining One

Shops:
D:6 (   D:8 **

Annotations:
D:9 bmj180's ghost, journeyman MfIE


Innate Abilities, Weirdness & Mutations

You cannot be hasted, slowed, berserked, paralysed or teleported.
You can dig through walls and to a lower floor.
You have a pair of large antennae on your head. (SInv)
You cannot study or use magical devices.
Your four strong arms can wield two-handed weapons with a shield.


Message History

Unknown command.
You hit bmj180's ghost but do no damage.
Bmj180's ghost is lightly damaged.
The ice beast hits you but does no damage.
Bmj180's ghost is stunned by your conviction and fails to attack.
Unknown command.
You sock bmj180's ghost!
Bmj180's ghost is moderately damaged.
The ice beast barely misses you.
Bmj180's ghost begins to cast a spell, but is stunned by your conviction!
The ice beast closely misses you.
An orc comes into view. It is wielding a +0 dagger.
Bmj180's ghost hits you but does no damage.
The orc shouts!
You hit bmj180's ghost.
Bmj180's ghost is heavily damaged.
An orc comes into view.
It is wielding a +0 club and quivering boomerangs of dispersal.
Bmj180's ghost hits you.
The ice beast hits you but does no damage.
You barely miss bmj180's ghost.
Bmj180's ghost is heavily damaged.
The ice beast hits you but does no damage.
Bmj180's ghost hits you but does no damage.
Unknown command.
You barely miss bmj180's ghost.
You punch bmj180's ghost, but do no damage.
Bmj180's ghost is heavily damaged.
The ice beast barely misses you.
Bmj180's ghost gestures at you while chanting.
The stone arrow hits you!
* * * LOW HITPOINT WARNING * * *
You hit bmj180's ghost but do no damage.
Bmj180's ghost is heavily damaged.
Bmj180's ghost hits you!
* * * LOW HITPOINT WARNING * * *
The ice beast hits you but does no damage.
The ice beast hits you.
* * * LOW HITPOINT WARNING * * *
The ice beast freezes you!
You die...

####### #................ #
#................ #
#................
################................
....................o..o).......
...........>.....{o.............
.................o{oY...........
##################ooo###.######
#Y@W#o.# #{{#
#################..####{#######
##..^...........#..[....{{{....)
##.............#.#8..Y...Y{.....8
...)).............######'oo######
...))....>........#{{...........#
##.#)......).....##....#####....#
#..............###.###.ooo.###.#
##.............# #.#8#..8..#8#.#


You could see 2 orc warriors, 2 ice beasts, an orc priest, an orc wizard,
bmj180's ghost and an orc.

Vanquished Creatures
  A two-headed ogre (D:9)
  Pikel (D:7)
  A wraith (D:9)
  2 acid dragons (D:8)
  2 water moccasins
  3 orc warriors
  2 sky beasts (D:7)
  2 ogres
  2 black bears
  3 centaurs
  3 lemures (D:7)
  2 kobold brigands
  5 bullfrogs
  A gnoll sergeant (D:6)
  3 scorpions
  2 water moccasin zombies (Ossuary)
  7 killer bees
  3 jellies (D:6)
  A gnoll bouda (D:6)
  Jessica (D:2)
  4 iguanas
  Ijyb (D:4)
  4 orc wizards
  4 hell rats (D:6)
  2 mummies (Ossuary)
  16 gnolls
  3 adders
  13 river rats (D:6)
  6 adder zombies (Ossuary)
  2 worms (D:2)
  A dart slug (D:4)
  24 orcs
  8 bats
  2 endoplasms (D:1)
  3 giant cockroaches
  4 gnoll zombies (Ossuary)
  5 goblins
  2 hobgoblins
  12 jackals
  3 quokkas
  6 ball pythons
  5 frilled lizards
  2 hobgoblin zombies (Ossuary)
  31 kobolds
  5 kobold zombies (Ossuary)
  8 orc zombies (Ossuary)
  7 rats
230 creatures vanquished.

Vanquished Creatures (collateral kills)
  A two-headed ogre (D:8)
  A bullfrog (D:7)
2 creatures vanquished.

Grand Total: 232 creatures vanquished

Notes
Turn   | Place    | Note
-------+----------+-------------------------------------------
     0 | D:5      | nono the Formicid Delver began the quest for the Orb.
     0 | D:5      | Reached XP level 1. HP: 18/18 MP: 1/1
    22 | D:5      | Noticed a scorpion
    38 | D:5      | Killed a scorpion
    39 | D:5      | Reached XP level 2. HP: 15/25 MP: 2/2
    39 | D:5      | Reached XP level 3. HP: 18/30 MP: 3/3
    39 | D:5      | Reached XP level 4. HP: 23/37 MP: 4/4
   112 | D:5      | Noticed a scorpion
   155 | D:5      | Found a hide-covered altar of Uskayaw.
   198 | D:5      | Noticed a centaur
   206 | D:5      | Killed a centaur
   207 | D:5      | Reached skill level 4 in Fighting
   207 | D:5      | Reached XP level 5. HP: 22/42 MP: 5/5
   400 | D:5      | Found a sand-covered staircase.
   408 | Ossuary  | Entered an ossuary
   467 | Ossuary  | Reached skill level 1 in Armour
   467 | Ossuary  | Reached XP level 6. HP: 18/49 MP: 6/6
  1351 | D:2      | Noticed Jessica
  1362 | D:2      | Killed Jessica
  1363 | D:2      | Reached skill level 5 in Fighting
  2024 | D:1      | Reached XP level 7. HP: 54/54 MP: 7/7
  2968 | D:3      | Found a broken altar of Ashenzari.
  3979 | D:4      | Noticed Ijyb
  3994 | D:4      | Killed Ijyb
  4228 | D:5      | Found a stormy altar of Qazlal.
  4889 | D:6      | Reached XP level 8. HP: 64/64 MP: 6/8
  4909 | D:6      | Reached skill level 6 in Fighting
  5016 | D:6      | Reached skill level 5 in Axes
  5610 | D:6      | Found the +2 ratskin cloak {*Rats rPois rN+ Str-1 Int-1
                  | Dex+1}
  5690 | D:6      | Found a staircase to the Ecumenical Temple.
  5725 | Temple   | Entered the Ecumenical Temple
  5740 | Temple   | Became a worshipper of Ru the Awakened
  5758 | D:6      | Reached skill level 5 in Armour
  5872 | D:6      | Reached skill level 7 in Fighting
  5987 | D:6      | Found Pyesip's Weapon Emporium.
  5995 | D:6      | Bought a +3 war axe of venom for 233 gold pieces
  6127 | D:6      | Reached XP level 9. HP: 57/72 MP: 6/9
  6433 | D:7      | Reached skill level 8 in Fighting
  7153 | D:7      | Noticed Pikel
  7167 | D:7      | Killed Pikel
  7270 | D:7      | Found an opulent altar of Gozag.
  7441 | D:8      | Reached XP level 10. HP: 82/82 MP: 10/10
  7464 | D:8      | Found Pelaymen's Assorted Antiques.
  7477 | D:8      | Reached skill level 9 in Fighting
  7489 | D:8      | Bought a scroll labelled WEEKLY HUAC for 28 gold pieces
  7489 | D:8      | Bought a scroll labelled COMPIHODDU for 28 gold pieces
  8072 | D:8      | Bought a scroll of identify for 56 gold pieces
  8250 | D:8      | Noticed a two-headed ogre
  8260 | D:8      | Killed a two-headed ogre
  8564 | D:8      | Found Vuatzasm's Demolitions Depot.
  8828 | D:9      | Noticed a two-headed ogre
  8843 | D:9      | Gained mutation: You cannot study or use magical devices.
                  | [Ru sacrifice]
  8843 | D:9      | Reached * piety under Ru
  8843 | D:9      | Reached ** piety under Ru
  8867 | D:9      | Killed a two-headed ogre
  8868 | D:9      | Reached skill level 10 in Fighting
  8903 | D:9      | Identified the +12 quarterstaff "Violay" {spect, *Noise
                  | rElec rPois rCorr}
  8932 | D:9      | Found a staircase to the Orcish Mines.
  9074 | D:9      | Found a runed translucent gate.
  9074 | D:9      | Found a runed translucent gate.
  9141 | D:9      | Found a runed translucent gate.
  9141 | D:9      | Noticed bmj180's ghost (journeyman MfIE)
  9143 | D:9      | Identified the +13 plate armour of the Kettle-Drum {Will+
                  | Int+2 Dex-3}
  9193 | D:9      | Slain by an ice beast

Illustrated notes

Levels and vault maps discovered:
D:1:      dpeg_cavernosity, layout_basic
D:2:      layout_rooms, uniq_jessica
D:3:      layout_loops_ring, lemuel_tele_altar
D:4:      layout_cave_pods, uniq_ijyb
D:5:      layout_basic, nicolae_uskayaw_murder_on_the_dancefloor,
          mainiacjoe_overflow_alcove_1, enter_ossuary_3, serial_glass,
          glass_columns_a, glass_columns_a, glass_columns_c, glass_columns_c
D:6:      wander_guarded_unrand_ratskin, layout_basic,
          minmay_temple_entry_wispy, serial_glass, glass_columns_a,
          glass_columns_a, serial_shops, nicolae_shop_bloodbath_and_beyond,
          minmay_tree_intersection, hangedman_abyss_or_decor_lesser_grid
D:7:      layout_layer_cave, marbit_many_paths, uniq_pikel
D:8:      kennysheep_kobold_camp, layout_basic, serial_shops, shop,
          serial_aquarium, aquarium_bridge_straight [aquarium_subvault_bridge,
          aquarium_subvault_wall, aquarium_subvault_bridge,
          aquarium_subvault_window], aquarium_window_fake, aquarium_window_fake,
          aquarium_window_1, aquarium_window_1, aquarium_view_2c,
          aquarium_view_2d, aquarium_balcony_3a, roderic_lattice_a,
          nicolae_blasting_shop
D:9:      layout_long_grid, orc_david_3, biasface_ghost_orc_armoury,
          chequers_arboretum
Temple:   sentei_temple_godly_chess

Skill      XL: |  1  2  3  4  5  6  7  8  9 10 |
---------------+-------------------------------+-----
Dodging        | 2 |  2.7
Fighting       | 4 5 7 8 10 | 10.4
Axes           | 3 4 6 7 9 |  9.1
Armour         | 1 2 3 5 7 9 |  9.2
Stealth        | |  6.8

Action                     |  1- 3 |  4- 6 |  7- 9 | 10-12 || total
---------------------------+-------+-------+-------+-------++-------
  Melee: Hand axe          |     8 |   198 |   221 |       ||   427
         Punch             |       |     6 |     5 |     1 ||    12
         Dagger            |       |    57 |    77 |       ||   134
         War axe           |       |       |    78 |    89 ||   167
         Quarterstaff      |       |       |       |    48 ||    48
 Invoke: Sacrifice Artific |       |       |       |     1 ||     1
Ability: Dig               |       |     1 |       |     1 ||     2
    Use: Scroll            |       |       |     8 |     4 ||    12
         Potion            |       |       |       |     2 ||     2
   Stab: Sleeping          |       |     3 |     2 |       ||     5
         Distracted        |       |       |       |     1 ||     1
 Armour: Leather armour    |     3 |    51 |       |       ||    54
         Chain mail        |       |    43 |   204 |   113 ||   360
  Dodge: Dodged            |     5 |   159 |   183 |    84 ||   431

Table legend: (Time is in decaauts)
 A = Elapsed time spent in this place.
 B = Non-inter-level travel time spent in this place.
 C = Inter-level travel time spent in this place.
 D = Time resting spent in this place.
 E = Time spent auto-exploring this place.
 F = Levels seen in this place.
 G = Mean time per level.
                   A        B        C        D        E       F      G
               +--------+--------+--------+--------+--------+-----+--------+
         Total |   9268 |   8829 |    439 |    847 |   5954 |  11 |  842.5 |
       Dungeon |   8610 |   8171 |    439 |    585 |   5892 |   9 |  956.7 |
        Temple |     25 |     25 |      0 |      0 |      0 |   1 |   25.0 |
       Ossuary |    632 |    632 |      0 |    262 |     62 |   1 |  632.0 |
               +--------+--------+--------+--------+--------+-----+--------+

Top non-repeatable levels by time:
     D:6: 1522 daAuts
     D:8: 1399 daAuts
     D:7: 1163 daAuts
     D:5: 1104 daAuts
     D:1: 902 daAuts
     D:4: 798 daAuts
     D:3: 683 daAuts
     D:2: 657 daAuts
 Ossuary: 632 daAuts
     D:9: 378 daAuts
  Temple: 25 daAuts
